[Event "Fagernes GM Swiss 2020"]
[Site "Fagernes"]
[Date "2020.10.04"]
[Round "1.22"]
[White "Dahl, Trygve"]
[Black "Skaslien, Ingrid"]
[Result "0-1"]
[ECO "C14"]
[WhiteElo "2211"]
[BlackElo "1976"]
[Annotator "ChessBase"]
[PlyCount "60"]
[EventDate "2020.10.04"]
[EventType "swiss"]
[EventCountry "NOR"]
[SourceTitle "playchess.com"]
[Source "ChessBase"]
[SourceQuality "1"]
[TimeControl "40/6000+30:2400+30"]

1. e4 e6 2. d4 d5 3. Nc3 Nf6 4. Bg5 Be7 5. e5 Nfd7 6. Bxe7 Qxe7 7. f4 a6 8. Qg4 O-O 9. Nf3 c5 10. f5 exf5 11. Qxf5 Nb6 12. Qh5 cxd4 13. Nxd4 Re8 14. Nf3 g6 15. Qh6 Bg4 16. O-O-O Bxf3 17. gxf3 Qxe5 18. f4 Qe3+ 19. Kb1 d4 20. Ne2 Nc6 21. h4 Qe4 22. Rh2 Nd5 23. Rf2 Ncb4 24. Nc1 Ne3 25. Re1 Qc6 26. Qg5 Nbxc2 27. Ree2 Rac8 28. Nd3 Qc4 29. Rd2 Nxf1 30. Rxf1 Re1+ 0-1

[Event "Fagernes GM Swiss 2020"]
[Site "Fagernes"]
[Date "2020.10.04"]
[Round "1.23"]
[White "Tenold, Andreas"]
[Black "Dolzhikova, Olga"]
[Result "0-1"]
[ECO "B06"]
[WhiteElo "1935"]
[BlackElo "2208"]
[Annotator "ChessBase"]
[PlyCount "88"]
[EventDate "2020.10.04"]
[EventType "swiss"]
[EventCountry "NOR"]
[SourceTitle "playchess.com"]
[Source "ChessBase"]
[SourceQuality "1"]
[TimeControl "40/6000+30:2400+30"]

1. d4 g6 2. e4 Bg7 3. Nc3 c5 4. dxc5 Bxc3+ 5. bxc3 Nf6 6. Bd3 Qa5 7. Ne2 Qxc5 8. O-O d6 9. Be3 Qa5 10. Qd2 Nbd7 11. Rfb1 O-O 12. a4 Nc5 13. f3 Bd7 14. Nd4 Rfc8 15. Nb3 Nxb3 16. Rxb3 Bc6 17. c4 Qxd2 18. Bxd2 a5 19. Bc3 Nd7 20. Bd4 Kf8 21. Kf2 e6 22. g4 f6 23. h4 Ke7 24. Kg3 Rg8 25. Re1 Rac8 26. Rb2 Rc7 27. Reb1 Nc5 28. Bxc5 dxc5 29. Re1 Rd7 30. f4 e5 31. Rbb1 Rd4 32. Re2 Rgd8 33. Rf1 exf4+ 34. Kxf4 f5 35. Kg3 fxe4 36. Rf4 Rf8 37. Bxe4 Rxf4 38. Kxf4 Rxc4 39. Kf3 Bxe4+ 40. Rxe4+ Rxe4 41. Kxe4 b5 42. axb5 a4 43. Kd3 a3 44. Kc3 c4 0-1

[Event "Fagernes GM Swiss 2020"]
[Site "Fagernes"]
[Date "2020.10.05"]
[Round "2.3"]
[White "Urkedal, Frode Olav Olsen"]
[Black "Ranaldi, Lucas"]
[Result "1-0"]
[ECO "E16"]
[WhiteElo "2549"]
[BlackElo "2334"]
[Annotator "ChessBase"]
[PlyCount "93"]
[EventDate "2020.10.04"]
[EventType "swiss"]
[EventCountry "NOR"]
[SourceTitle "playchess.com"]
[Source "ChessBase"]
[SourceQuality "1"]
[TimeControl "40/6000+30:2400+30"]

1. d4 Nf6 2. c4 e6 3. Nf3 b6 4. g3 Bb7 5. Bg2 Bb4+ 6. Bd2 Bxd2+ 7. Qxd2 O-O 8. Nc3 d6 9. Qc2 c5 10. Rd1 cxd4 11. Rxd4 Nc6 12. Rh4 Ne5 13. O-O Nxf3+ 14. Bxf3 Bxf3 15. exf3 Qe7 16. Re1 h6 17. Rd4 Rac8 18. Qd3 Rfd8 19. f4 Rd7 20. f5 e5 21. Nd5 Nxd5 22. Rxd5 Rdd8 23. b3 Rc5 24. Rd1 Rxd5 25. Qxd5 Qd7 26. Qe4 Qe7 27. Rd5 Rc8 28. a4 Kf8 29. h4 Kg8 30. Rd3 Re8 31. Kg2 Rd8 32. Rd5 Rc8 33. Qd3 Rc6 34. Kg1 Qc7 35. Qf3 Qe7 36. a5 bxa5 37. Rxa5 Rb6 38. Qa8+ Qf8 39. Rxa7 Rxb3 40. Qd5 Rb1+ 41. Kg2 Rb6 42. Rd7 Ra6 43. c5 Qa8 44. Rb7 Kh8 45. c6 Qe8 46. c7 Ra5 47. Rb8 1-0

[Event "Fagernes GM Swiss 2020"]
[Site "Fagernes"]
[Date "2020.10.05"]
[Round "2.4"]
[White "Lund, Gunnar"]
[Black "Miezis, Normunds"]
[Result "1-0"]
[ECO "D00"]
[WhiteElo "2302"]
[BlackElo "2485"]
[Annotator "ChessBase"]
[PlyCount "125"]
[EventDate "2020.10.04"]
[EventType "swiss"]
[EventCountry "NOR"]
[SourceTitle "playchess.com"]
[Source "ChessBase"]
[SourceQuality "1"]
[TimeControl "40/6000+30:2400+30"]

1. d4 Nf6 2. Bf4 d5 3. e3 g6 4. Nc3 Bg7 5. h4 c6 6. Qd2 Nbd7 7. Nf3 b5 8. Bd3 b4 9. Ne2 Qb6 10. c4 bxc3 11. Nxc3 Ba6 12. Bxa6 Qxa6 13. Qe2 Qb7 14. Ne5 Nf8 15. Nd3 N6d7 16. h5 Ne6 17. O-O Nxf4 18. Nxf4 e5 19. dxe5 Nxe5 20. Na4 O-O 21. Rac1 Rfe8 22. Nc5 Qe7 23. Ncd3 Rac8 24. Rc2 Qd6 25. Nxe5 Bxe5 26. Nd3 Bg7 27. Qf3 Re4 28. g3 Rb8 29. Rfc1 Rb6 30. hxg6 hxg6 31. b4 Bf8 32. a3 Qe6 33. Kg2 a6 34. Nc5 Bxc5 35. Rxc5 Kg7 36. Qd1 Qf6 37. Qa4 Re6 38. Qa5 Rb8 39. Qxa6 Rh8 40. Qd3 Rh2+ 41. Kxh2 Qxf2+ 42. Kh1 Qf3+ 43. Kh2 Rxe3 44. Qd4+ f6 45. R5c2 Qxg3+ 46. Kh1 Re4 47. Qa7+ Kf8 48. Rg2 Qf4 49. Qc5+ Re7 50. Rh2 Qe4+ 51. Kg1 d4 52. Qxc6 Qe3+ 53. Kh1 Kg7 54. Rf1 f5 55. Qf3 Kf6 56. b5 Qe5 57. b6 Qb5 58. Rc1 Re4 59. Rg1 Qxb6 60. Rxg6+ Kxg6 61. Qh5+ Kg7 62. Qh8+ Kf7 63. Rh7+ 1-0

[Event "Fagernes GM Swiss 2020"]
[Site "Fagernes"]
[Date "2020.10.05"]
[Round "2.5"]
[White "Notkevich, Benjamin Arvola"]
[Black "Vitenberg, Noam Aviv"]
[Result "1/2-1/2"]
[ECO "E04"]
[WhiteElo "2482"]
[BlackElo "2298"]
[Annotator "ChessBase"]
[PlyCount "58"]
[EventDate "2020.10.04"]
[EventType "swiss"]
[EventCountry "NOR"]
[SourceTitle "playchess.com"]
[Source "ChessBase"]
[SourceQuality "1"]
[TimeControl "40/6000+30:2400+30"]

1. d4 d5 2. c4 e6 3. Nf3 Nf6 4. g3 dxc4 5. Bg2 a6 6. O-O Nc6 7. e3 Rb8 8. Nfd2 e5 9. Bxc6+ bxc6 10. dxe5 Ng4 11. Nxc4 Be6 12. Nbd2 Bb4 13. b3 h5 14. h3 Bc3 15. Ba3 Bxa1 16. Qxa1 h4 17. hxg4 hxg3 18. Nf3 Qd3 19. Ncd2 Rd8 20. Qc1 g2 21. Kxg2 Bxg4 22. Rh1 Bxf3+ 23. Kxf3 Qf5+ 24. Ke2 Qd3+ 25. Kf3 Qf5+ 26. Ke2 Qd3+ 27. Kf3 Qf5+ 28. Ke2 Qd3+ 29. Kf3 Qf5+ 1/2-1/2

[Event "Fagernes GM Swiss 2020"]
[Site "Fagernes"]
[Date "2020.10.05"]
[Round "2.6"]
[White "Carlsson, Ludvig"]
[Black "Haug, Johannes"]
[Result "1/2-1/2"]
[ECO "A46"]
[WhiteElo "2281"]
[BlackElo "2481"]
[Annotator "ChessBase"]
[PlyCount "55"]
[EventDate "2020.10.04"]
[EventType "swiss"]
[EventCountry "NOR"]
[SourceTitle "playchess.com"]
[Source "ChessBase"]
[SourceQuality "1"]
[TimeControl "40/6000+30:2400+30"]

1. d4 Nf6 2. Nf3 e6 3. g3 b5 4. e3 a6 5. a4 b4 6. Bg2 Bb7 7. O-O c5 8. c4 bxc3 9. bxc3 Nc6 10. Ba3 Na5 11. Nbd2 Qc7 12. Qe2 Ne4 13. Nxe4 Bxe4 14. Nd2 Bxg2 15. Kxg2 Be7 16. Ne4 d6 17. dxc5 dxc5 18. c4 Qc6 19. Qf3 O-O 20. Nxc5 Qxf3+ 21. Kxf3 Nxc4 22. Rfc1 Nxa3 23. Rxa3 g5 24. Rac3 Rfb8 25. Rb3 Rc8 26. Rbc3 Rcb8 27. Rb3 Rc8 28. Rbc3 1/2-1/2

[Event "Fagernes GM Swiss 2020"]
[Site "Fagernes"]
[Date "2020.10.05"]
[Round "2.8"]
[White "Nielsen, Andre"]
[Black "Holm, Kristian Stuvik"]
[Result "1/2-1/2"]
[ECO "C54"]
[WhiteElo "2218"]
[BlackElo "2465"]
[Annotator "ChessBase"]
[PlyCount "36"]
[EventDate "2020.10.04"]
[EventType "swiss"]
[EventCountry "NOR"]
[SourceTitle "playchess.com"]
[Source "ChessBase"]
[SourceQuality "1"]
[TimeControl "40/6000+30:2400+30"]

1. e4 e5 2. Nf3 Nc6 3. Bc4 Bc5 4. c3 Nf6 5. d3 d6 6. Nbd2 a6 7. Bb3 Ba7 8. Nf1 h6 9. Ng3 Be6 10. O-O O-O 11. d4 Bxb3 12. Qxb3 exd4 13. cxd4 Re8 14. d5 Nd4 15. Nxd4 Bxd4 16. Nf5 Rxe4 17. Bxh6 gxh6 18. Qg3+ Ng4 1/2-1/2

[Event "Fagernes GM Swiss 2020"]
[Site "Fagernes"]
[Date "2020.10.05"]
[Round "2.9"]
[White "Starostits, Ilmars"]
[Black "Dolzhikova, Olga"]
[Result "1-0"]
[ECO "B00"]
[WhiteElo "2464"]
[BlackElo "2208"]
[Annotator "ChessBase"]
[PlyCount "47"]
[EventDate "2020.10.04"]
[EventType "swiss"]
[EventCountry "NOR"]
[SourceTitle "playchess.com"]
[Source "ChessBase"]
[SourceQuality "1"]
[TimeControl "40/6000+30:2400+30"]

1. d4 b6 2. e4 Bb7 3. Nc3 e6 4. Nf3 Bb4 5. Bd3 Nf6 6. Qe2 d5 7. e5 Ne4 8. O-O Nxc3 9. bxc3 Bxc3 10. Rb1 Nc6 11. Rd1 a6 12. Qe3 Bb4 13. Qf4 Qe7 14. Qg3 f5 15. c4 Na5 16. a3 Bxa3 17. Bxa3 Qxa3 18. c5 g6 19. Ng5 Ke7 20. Nxe6 Rac8 21. Qg5+ Kxe6 22. Qf6+ Kd7 23. Qf7+ Kd8 24. e6 1-0

[Event "Fagernes GM Swiss 2020"]
[Site "Fagernes"]
[Date "2020.10.05"]
[Round "2.10"]
[White "Skaslien, Ingrid"]
[Black "Elsness, Frode"]
[Result "0-1"]
[ECO "E48"]
[WhiteElo "1976"]
[BlackElo "2454"]
[Annotator "ChessBase"]
[PlyCount "98"]
[EventDate "2020.10.04"]
[EventType "swiss"]
[EventCountry "NOR"]
[SourceTitle "playchess.com"]
[Source "ChessBase"]
[SourceQuality "1"]
[TimeControl "40/6000+30:2400+30"]

1. d4 Nf6 2. c4 e6 3. Nc3 Bb4 4. e3 O-O 5. Bd3 d5 6. Nge2 b6 7. cxd5 exd5 8. O-O Bb7 9. Bd2 Bd6 10. Ng3 Re8 11. Rc1 a6 12. Nf5 Bf8 13. Qb3 Nbd7 14. Na4 g6 15. Ng3 Rb8 16. Bb4 Bg7 17. Qc2 Rc8 18. Qe2 a5 19. Ba3 c6 20. b4 Bf8 21. Qb2 Qe7 22. Rb1 Ra8 23. Bc2 Ba6 24. Rfc1 Bc4 25. Nf1 axb4 26. Bxb4 Qxb4 27. Qxb4 Bxb4 28. Rxb4 b5 29. Nc3 Bxa2 30. Nxa2 Rxa2 31. Bb1 Ra6 32. Nd2 Re6 33. Nb3 Ne8 34. Nc5 Nxc5 35. dxc5 Nc7 36. Bd3 Re8 37. e4 Ra3 38. Bb1 Ra1 39. exd5 Nxd5 40. Rb3 Re5 41. g3 Nc7 42. Kg2 Na6 43. Re3 Rxe3 44. fxe3 b4 45. Kf3 Ra4 46. Kg2 Ra1 47. Kf3 b3 48. Ke2 Nxc5 49. Rxc5 Rxb1 0-1

[Event "Fagernes GM Swiss 2020"]
[Site "Fagernes"]
[Date "2020.10.05"]
[Round "2.11"]
[White "Kaasen, Tor Fredrik"]
[Black "Skotheim, Andreas"]
[Result "1/2-1/2"]
[ECO "C88"]
[WhiteElo "2386"]
[BlackElo "2120"]
[Annotator "NA"]
[PlyCount "94"]
[EventDate "2020.10.04"]
[EventType "swiss"]
[EventCountry "NOR"]
[SourceTitle "playchess.com"]
[Source "ChessBase"]
[SourceQuality "1"]
[TimeControl "40/6000+30:2400+30"]

1. e4 e5 2. Nf3 Nc6 3. Bb5 a6 4. Ba4 Nf6 5. O-O Be7 6. Re1 b5 7. Bb3 O-O 8. a4 b4 9. d4 d6 10. dxe5 Nxe5 11. Nxe5 dxe5 12. Qf3 Bb7 13. Nd2 Nd7 14. Bc4 Bc5 15. Qg3 Qf6 16. Nf3 Qg6 17. Qh3 Rad8 18. a5 Bc8 19. Qh4 h6 20. Be3 Bd6 21. Rad1 Nf6 22. Nd2 Qg4 23. Qxg4 Nxg4 24. Ba7 Nf6 25. f3 Nd7 26. Nb3 Bb7 27. Bf2 g6 28. Rd2 Kg7 29. Bh4 Rde8 30. Red1 Nc5 31. Rxd6 cxd6 32. Rxd6 Na4 33. Bf6+ Kg8 34. Rd7 Bc6 35. Rc7 Bb5 36. Bxb5 axb5 37. Rb7 Re6 38. Be7 Rc8 39. Bxb4 Rxc2 40. Rb8+ Kh7 41. Ba3 Nxb2 42. Rxb5 Nc4 43. Bc5 Rb2 44. Rb7 Kg7 45. Rb4 Ra6 46. Rxc4 Rxb3 47. Bb6 Rbxb6 1/2-1/2

[Event "Fagernes GM Swiss 2020"]
[Site "Fagernes"]
[Date "2020.10.05"]
[Round "2.12"]
[White "Galinsky, Timofey"]
[Black "Vestby-Ellingsen, Mads"]
[Result "1/2-1/2"]
[ECO "A48"]
[WhiteElo "2370"]
[BlackElo "2362"]
[Annotator "NA"]
[PlyCount "151"]
[EventDate "2020.10.04"]
[EventType "swiss"]
[EventCountry "NOR"]
[SourceTitle "playchess.com"]
[Source "ChessBase"]
[SourceQuality "1"]
[TimeControl "40/6000+30:2400+30"]

1. d4 Nf6 2. c3 g6 3. Bf4 Bg7 4. Nf3 O-O 5. e3 d6 6. h3 Nbd7 7. Bc4 c5 8. Nbd2 b6 9. O-O Bb7 10. a4 a6 11. Qe2 Ra7 12. Bh2 Qa8 13. Rfd1 Ne4 14. Nf1 Ndf6 15. Ne1 Nd7 16. f3 Nef6 17. Nd3 Rc8 18. Nf2 cxd4 19. exd4 Nf8 20. Ne3 Nd5 21. Nxd5 Bxd5 22. Bxd5 Qxd5 23. Nd3 Qc4 24. Re1 Ne6 25. Bg3 Bf6 26. Bf2 a5 27. f4 Qd5 28. g4 Rb7 29. Kh2 b5 30. axb5 Qxb5 31. Qf3 Rbc7 32. Ra2 Nd8 33. f5 g5 34. Bg3 Ra7 35. Nb4 Kg7 36. Nd5 Qb3 37. Nxf6 Qxa2 38. Nh5+ Kg8 39. Bxd6 Qxb2+ 40. Re2 Qxc3 41. Qxc3 Rxc3 42. Bxe7 Rxe7 43. Rxe7 Kf8 44. f6 Rc6 45. Rd7 Ke8 46. Rd5 Ne6 47. Re5 a4 48. d5 Rc5 49. Re4 Rxd5 50. Rxa4 Rd2+ 51. Kg3 Rd3+ 52. Kg2 Rd2+ 53. Kf3 Rd3+ 54. Ke2 Rxh3 55. Ra7 Nf4+ 56. Nxf4 gxf4 57. Re7+ Kf8 58. Re4 h6 59. Rxf4 Kg8 60. Rf5 Kh7 61. Kf2 Kg6 62. Kg2 Rc3 63. Kh2 Rc6 64. Kg3 Rd6 65. Rh5 Rxf6 66. Ra5 Re6 67. Rb5 f6 68. Ra5 Re5 69. Ra8 Rb5 70. Ra3 Kg5 71. Rc3 Re5 72. Ra3 h5 73. gxh5 f5 74. h6 Kxh6 75. Kf4 Re4+ 76. Kxf5 1/2-1/2

[Event "Fagernes GM Swiss 2020"]
[Site "Fagernes"]
[Date "2020.10.05"]
[Round "2.13"]
[White "Mansoor, Afras"]
[Black "Holleland, Sigve"]
[Result "0-1"]
[ECO "E04"]
[WhiteElo "2117"]
[BlackElo "2133"]
[Annotator "NA"]
[PlyCount "120"]
[EventDate "2020.10.04"]
[EventType "swiss"]
[EventCountry "NOR"]
[SourceTitle "playchess.com"]
[Source "ChessBase"]
[SourceQuality "1"]
[TimeControl "40/6000+30:2400+30"]

1. c4 c6 2. g3 d5 3. Bg2 Nf6 4. Nf3 Nbd7 5. d4 e6 6. O-O dxc4 7. Qc2 b5 8. b3 cxb3 9. Qxc6 Rb8 10. axb3 Bb7 11. Qc2 Qb6 12. Nbd2 Be7 13. e4 O-O 14. Bb2 Rbc8 15. Qd3 a5 16. Rfc1 h6 17. h3 Ba6 18. Bf1 Nb8 19. Qe3 Nc6 20. g4 Nb4 21. Bc3 Bb7 22. Qe2 Rfd8 23. Ne5 Rxc3 24. Rxc3 Qxd4 25. Rac1 Qxe5 26. Nf3 Qxe4 27. Qxb5 Na2 28. Re3 Qb4 29. Rc7 Bxf3 30. Rxf3 Nd5 31. Ra7 Nac3 32. Qxa5 Qxa5 33. Rxa5 Rb8 34. Ra7 Nb5 35. Rd7 Nd4 36. Rd3 Bf6 37. Bg2 Nf4 38. Rd2 Rxb3 39. Kh2 Nf3+ 40. Bxf3 Rxf3 41. Rb7 Rxh3+ 42. Kg1 Rd3 43. Rc2 Rd1+ 44. Kh2 Be5 45. Rc8+ Kh7 46. Rxf7 Ng6+ 47. Kh3 Rd3+ 48. Kg2 Nf4+ 49. Kg1 Kg6 50. Rb7 Kg5 51. Rb5 Rd1+ 52. Kh2 Nd5+ 53. Kg2 Kxg4 54. Rc4+ Nf4+ 55. Kh2 Kf5 56. Kg3 g5 57. Ra4 h5 58. Raa5 h4+ 59. Kh2 Nd5+ 60. Kg2 g4 0-1

[Event "Fagernes GM Swiss 2020"]
[Site "Fagernes"]
[Date "2020.10.05"]
[Round "2.14"]
[White "Bjerke, Richard"]
[Black "Dahl, Trygve"]
[Result "0-1"]
[ECO "A96"]
[WhiteElo "2144"]
[BlackElo "2211"]
[Annotator "ChessBase"]
[PlyCount "50"]
[EventDate "2020.10.04"]
[EventType "swiss"]
[EventCountry "NOR"]
[SourceTitle "playchess.com"]
[Source "ChessBase"]
[SourceQuality "1"]
[TimeControl "40/6000+30:2400+30"]

1. d4 f5 2. g3 Nf6 3. Bg2 e6 4. Nf3 Be7 5. c4 d6 6. Nc3 O-O 7. O-O Ne4 8. Qc2 Nxc3 9. Qxc3 Bf6 10. Rd1 a5 11. Qc2 Nc6 12. e4 Qe8 13. exf5 exf5 14. a3 a4 15. Bf4 Qh5 16. c5 g5 17. Qc4+ Kh8 18. Be3 f4 19. gxf4 gxf4 20. Bxf4 Bg4 21. Rd3 Bg7 22. d5 Na5 23. Qxa4 Qf5 24. Rd4 Bxf3 25. Bxf3 Nb3 0-1

[Event "Fagernes GM Swiss 2020"]
[Site "Fagernes"]
[Date "2020.10.05"]
[Round "2.15"]
[White "Bentsen, Hakon"]
[Black "Shehzad, Shazil"]
[Result "0-1"]
[ECO "B92"]
[WhiteElo "2120"]
[BlackElo "2188"]
[Annotator "ChessBase"]
[PlyCount "48"]
[EventDate "2020.10.04"]
[EventType "swiss"]
[EventCountry "NOR"]
[SourceTitle "playchess.com"]
[Source "ChessBase"]
[SourceQuality "1"]
[TimeControl "40/6000+30:2400+30"]

1. e4 c5 2. Nf3 d6 3. d4 cxd4 4. Nxd4 Nf6 5. Nc3 a6 6. Be2 e5 7. Nb3 Be7 8. O-O O-O 9. Be3 Be6 10. Qd2 Nc6 11. a4 Rc8 12. Rfd1 Re8 13. a5 Nb4 14. Bf3 Qc7 15. Ra4 d5 16. exd5 Nbxd5 17. Nxd5 Nxd5 18. Bxd5 Bxd5 19. Qxd5 Red8 20. Qf3 Qxc2 21. Raa1 e4 22. Qg4 f5 23. Nd4 Rxd4 24. Rdc1 Qxc1+ 0-1

[Event "Fagernes GM Swiss 2020"]
[Site "Fagernes"]
[Date "2020.10.05"]
[Round "2.16"]
[White "Torngren, Gustav"]
[Black "Fuglestein, Sander"]
[Result "1-0"]
[ECO "B12"]
[WhiteElo "2185"]
[BlackElo "2109"]
[Annotator "ChessBase"]
[PlyCount "45"]
[EventDate "2020.10.04"]
[EventType "swiss"]
[EventCountry "NOR"]
[SourceTitle "playchess.com"]
[Source "ChessBase"]
[SourceQuality "1"]
[TimeControl "40/6000+30:2400+30"]

1. e4 c6 2. d4 d5 3. e5 Bf5 4. h4 h5 5. Bd3 Bxd3 6. Qxd3 e6 7. Bg5 Qb6 8. Nd2 Qa6 9. c4 Bb4 10. b3 Ne7 11. Ne2 Nf5 12. Ng3 Nxg3 13. fxg3 Nd7 14. O-O Bxd2 15. Qxd2 dxc4 16. Qf4 Rf8 17. Qf3 Qb5 18. Qxh5 cxb3 19. axb3 Nb6 20. Ra2 Qd3 21. Rxf7 Rxf7 22. Rf2 g6 23. Qh8+ 1-0

[Event "Fagernes GM Swiss 2020"]
[Site "Fagernes"]
[Date "2020.10.05"]
[Round "2.17"]
[White "Machlik, Monika"]
[Black "Kvaloy, Aksel Bu"]
[Result "0-1"]
[ECO "E36"]
[WhiteElo "2082"]
[BlackElo "2174"]
[Annotator "NA"]
[PlyCount "138"]
[EventDate "2020.10.04"]
[EventType "swiss"]
[EventCountry "NOR"]
[SourceTitle "playchess.com"]
[Source "ChessBase"]
[SourceQuality "1"]
[TimeControl "40/6000+30:2400+30"]

1. d4 Nf6 2. c4 e6 3. Nc3 Bb4 4. Qc2 O-O 5. a3 Bxc3+ 6. Qxc3 d5 7. Nf3 dxc4 8. Qxc4 b6 9. Bg5 Ba6 10. Qa4 c5 11. dxc5 bxc5 12. Rc1 Qb6 13. Bxf6 gxf6 14. Rc2 Rd8 15. e3 Bxf1 16. Rxf1 Nc6 17. Ke2 Na5 18. b4 cxb4 19. axb4 Qa6+ 20. b5 Qd6 21. Rd2 Qc7 22. Rc2 Qd6 23. Rd2 Qb6 24. Rfd1 Rxd2+ 25. Rxd2 Nb7 26. Rc2 Nd6 27. Nd4 Rc8 28. Rxc8+ Nxc8 29. Nc6 Qc5 30. g4 Nb6 31. Qb4 Qc2+ 32. Ke1 Nd5 33. Ne7+ Nxe7 34. Qxe7 Qb1+ 35. Kd2 Qxb5 36. Qxa7 Qb4+ 37. Ke2 Qxg4+ 38. Kf1 Kg7 39. Qb6 h5 40. Qb8 h4 41. Qd6 e5 42. Qc6 h3 43. Qd5 Kh6 44. Ke1 Kg6 45. Qd3+ Kg7 46. Kd2 Qf3 47. Qe2 Qg2 48. Ke1 f5 49. f3 Qg1+ 50. Kd2 Kg6 51. Qa6+ f6 52. Qa8 Qxh2+ 53. Kc3 Qg2 54. Qg8+ Kh6 55. Qh8+ Kg5 56. Qg7+ Kh4 57. Qxf6+ Kg3 58. Qxe5+ Kf2 59. Qd4 h2 60. Qd2+ Kg3 61. Qd6+ f4 62. Qg6+ Kf2 63. Qc2+ Kxf3 64. Qd1+ Kg3 65. Qd4 Qc6+ 66. Kd2 h1=Q 67. Qxf4+ Kg2 68. Qg4+ Kf2 69. e4 Qe1+ 0-1

[Event "Fagernes GM Swiss 2020"]
[Site "Fagernes"]
[Date "2020.10.05"]
[Round "2.18"]
[White "Fossan, Aleksander"]
[Black "Oye-Stromberg, Alexander"]
[Result "1/2-1/2"]
[ECO "C01"]
[WhiteElo "2171"]
[BlackElo "2048"]
[Annotator "NA"]
[PlyCount "88"]
[EventDate "2020.10.04"]
[EventType "swiss"]
[EventCountry "NOR"]
[SourceTitle "playchess.com"]
[Source "ChessBase"]
[SourceQuality "1"]
[TimeControl "40/6000+30:2400+30"]

1. e4 e6 2. d4 d5 3. Bd3 Nc6 4. c3 e5 5. Ne2 exd4 6. cxd4 dxe4 7. Bxe4 Nf6 8. Bf3 Be7 9. h3 O-O 10. Nbc3 Nb4 11. a3 Nbd5 12. O-O Be6 13. Bg5 c6 14. Qd2 Qd7 15. Rad1 Rad8 16. Rfe1 Rfe8 17. Nf4 Nxc3 18. Qxc3 Nd5 19. Bxd5 Bxd5 20. Bxe7 Rxe7 21. Nxd5 Rxe1+ 22. Rxe1 Qxd5 23. Re7 g6 24. Rxb7 Qxd4 25. Qxd4 Rxd4 26. Rxa7 Rd1+ 27. Kh2 Rd2 28. Rb7 Rxf2 29. a4 Rf1 30. Rb6 Ra1 31. b3 c5 32. Kg3 c4 33. bxc4 Rxa4 34. Rc6 Kf8 35. Kf4 Ke7 36. Rc7+ Kf6 37. g4 g5+ 38. Ke4 Ra3 39. Rc6+ Kg7 40. c5 Rxh3 41. Rd6 Kf8 42. Rd4 Ke7 43. c6 h5 44. gxh5 Rxh5 1/2-1/2

[Event "Fagernes GM Swiss 2020"]
[Site "Fagernes"]
[Date "2020.10.05"]
[Round "2.19"]
[White "Krivenko, Dion"]
[Black "Brodtkorb, Lars Johan"]
[Result "1-0"]
[ECO "C00"]
[WhiteElo "2047"]
[BlackElo "2166"]
[Annotator "NA"]
[PlyCount "91"]
[EventDate "2020.10.04"]
[EventType "swiss"]
[EventCountry "NOR"]
[SourceTitle "playchess.com"]
[Source "ChessBase"]
[SourceQuality "1"]
[TimeControl "40/6000+30:2400+30"]

1. e4 e6 2. Qe2 Be7 3. Nf3 d5 4. d3 Nf6 5. g3 a5 6. e5 Nfd7 7. c4 Nc5 8. d4 Ne4 9. Bg2 Bb4+ 10. Nbd2 Nc6 11. O-O Nxd2 12. Bxd2 Bxd2 13. Qxd2 dxc4 14. Rfc1 Nb4 15. Rxc4 O-O 16. Rac1 Bd7 17. a3 Nd5 18. Ng5 Bc6 19. h4 h6 20. Ne4 Qe7 21. Rc5 a4 22. Nc3 Rfd8 23. Nxd5 exd5 24. f4 Ra6 25. f5 Rb6 26. R1c2 Rb3 27. Qf4 f6 28. Re2 Bb5 29. Rec2 c6 30. e6 Qd6 31. Qxd6 Rxd6 32. R5c3 Bd3 33. Rf2 Kf8 34. Bf1 Be4 35. Bg2 Bd3 36. Bf1 Rxc3 37. bxc3 Bxf1 38. Kxf1 h5 39. Ke2 g6 40. Kd3 Ke7 41. fxg6 Kxe6 42. g4 hxg4 43. h5 f5 44. h6 Kf6 45. g7 Rd8 46. Rxf5+ 1-0

[Event "Fagernes GM Swiss 2020"]
[Site "Fagernes"]
[Date "2020.10.05"]
[Round "2.20"]
[White "Royset, Pal"]
[Black "Sorensen, Simen"]
[Result "1-0"]
[ECO "B46"]
[WhiteElo "2150"]
[BlackElo "2047"]
[Annotator "NA"]
[PlyCount "69"]
[EventDate "2020.10.04"]
[EventType "swiss"]
[EventCountry "NOR"]
[SourceTitle "playchess.com"]
[Source "ChessBase"]
[SourceQuality "1"]
[TimeControl "40/6000+30:2400+30"]

1. e4 c5 2. Nc3 e6 3. Nf3 a6 4. d4 cxd4 5. Nxd4 Nc6 6. Nxc6 bxc6 7. Bd3 d5 8. O-O Nf6 9. Qe2 Be7 10. f4 h5 11. e5 Ng4 12. Na4 Qa5 13. b3 g6 14. c4 dxc4 15. Be4 Bd7 16. Qxc4 Qb5 17. Qc2 Rc8 18. Rd1 Rg8 19. h3 Nh6 20. Be3 c5 21. Nb2 Nf5 22. Nc4 Bc6 23. Rd2 Ng3 24. Bxc6+ Qxc6 25. Rad1 Nf5 26. Bf2 g5 27. Rd6 Bxd6 28. exd6 Nd4 29. Qh7 Kf8 30. Ne5 Nf3+ 31. gxf3 gxf4+ 32. Kh2 Qb7 33. d7 Rg7 34. Qh8+ Rg8 35. Ng6+ 1-0

[Event "Fagernes GM Swiss 2020"]
[Site "Fagernes"]
[Date "2020.10.05"]
[Round "2.21"]
[White "Eliseev, Sergey"]
[Black "Unneland, Mathias"]
[Result "0-1"]
[ECO "B30"]
[WhiteElo "2025"]
[BlackElo "2149"]
[Annotator "ChessBase"]
[PlyCount "76"]
[EventDate "2020.10.04"]
[EventType "swiss"]
[EventCountry "NOR"]
[SourceTitle "playchess.com"]
[Source "ChessBase"]
[SourceQuality "1"]
[TimeControl "40/6000+30:2400+30"]

1. e4 c5 2. Nf3 Nc6 3. Bb5 e6 4. O-O Nge7 5. d4 cxd4 6. e5 a6 7. Bd3 d6 8. Bf4 dxe5 9. Bxe5 Nxe5 10. Nxe5 Qc7 11. Re1 Nc6 12. Nf3 g6 13. Be4 Bg7 14. Bxc6+ bxc6 15. a4 O-O 16. a5 c5 17. b3 Bb7 18. Qd3 e5 19. Nbd2 Rae8 20. Ne4 h6 21. Qc4 Rc8 22. h4 Kh8 23. h5 f5 24. Nh4 fxe4 25. Nxg6+ Kh7 26. Nxf8+ Rxf8 27. b4 e3 28. fxe3 dxe3 29. Re2 e4 30. Rae1 Rf5 31. bxc5 Rxh5 32. Rxe3 Qh2+ 33. Kf1 Rf5+ 34. Ke2 Qxg2+ 35. Kd1 Rd5+ 36. Kc1 Qd2+ 37. Kb1 Rd4 38. R3e2 Qxe1+ 0-1

[Event "Fagernes GM Swiss 2020"]
[Site "Fagernes"]
[Date "2020.10.05"]
[Round "2.22"]
[White "Nilsen, Tobias Lang"]
[Black "Kvendseth, Thyra"]
[Result "1-0"]
[ECO "C78"]
[WhiteElo "2146"]
[BlackElo "2017"]
[Annotator "ChessBase"]
[PlyCount "80"]
[EventDate "2020.10.04"]
[EventType "swiss"]
[EventCountry "NOR"]
[SourceTitle "playchess.com"]
[Source "ChessBase"]
[SourceQuality "1"]
[TimeControl "40/6000+30:2400+30"]

1. e4 e5 2. Nf3 Nc6 3. Bb5 a6 4. Ba4 Nf6 5. O-O Bc5 6. c3 b5 7. Bb3 d6 8. d4 Bb6 9. a4 Rb8 10. a5 Nxa5 11. Rxa5 Bxa5 12. dxe5 dxe5 13. Qxd8+ Kxd8 14. Nxe5 Bb7 15. Nxf7+ Ke7 16. Nxh8 Rxh8 17. e5 Ne4 18. Be3 Bb6 19. Bxb6 cxb6 20. f3 Nc5 21. Bc2 Nd7 22. Re1 g5 23. Nd2 h6 24. Nb3 Bd5 25. Nd4 Be6 26. g3 Rf8 27. Nc6+ Kf7 28. f4 gxf4 29. gxf4 Rg8+ 30. Kf2 Nc5 31. Nd4 Bd5 32. Rg1 Rxg1 33. Kxg1 Be4 34. Bxe4 Nxe4 35. Kf1 Nc5 36. Ke2 Na4 37. b3 Nxc3+ 38. Kd3 b4 39. f5 b5 40. Nc6 Nd5 1-0